 Dungeon Crawl Stone Soup version 0.24.0-1-gfbc8707122 (webtiles) character file.

Game seed: 12770965444944665069, levelgen mode: deterministic

1484 Fingolfin the Fighter (level 8, -5/88 HPs)
             Began as a Troll Monk on Oct 26, 2019.
             Was a Believer of Yredelemnul.
             Splashed by a brown ugly thing's acid (8 damage)
             ... on level 6 of the Dungeon.
             The game lasted 00:07:37 (5044 turns).

Fingolfin the Fighter (Troll Monk)                  Turns: 5044, Time: 00:07:38

Health: -5/88      AC: -5    Str: 22    XL:     8   Next: 50%
Magic:  9/9        EV: 11    Int:  6    God:    Yredelemnul [**....]
Gold:   362        SH:  0    Dex: 12    Spells: 7/7 levels left

rFire    . . .     SeeInvis .     - Unarmed
rCold    . . .     Gourm    +   (no shield)
rNeg     . . .     Faith    .   l - +1 robe {Archmagi}
rPois    .         Spirit   .   z - +1 hat
rElec    .         Reflect  .   p - +1 cloak
rCorr    .         Harm     .   (gloves unavailable)
MR       .....                  (boots unavailable)
Stlth    ++........             x - amulet of rage
HPRegen  0.64/turn              (no ring)
MPRegen  0.11/turn              (no ring)

@: corroded, berserk cooldown, slowed, very slow
A: large, unfitting armour, claws 3, fast metabolism 3, gourmand, regeneration
1, shaggy fur 1, tough skin 3
a: Animate Remains, Recall Undead Slaves, Injury Mirror, Renounce Religion,
Evoke Berserk Rage


You were on level 6 of the Dungeon.
You worshipped Yredelemnul.
Yredelemnul was pleased with you.
You were not hungry.

You visited 2 branches of the dungeon, and saw 7 of its levels.

You collected 362 gold pieces.

Inventory:

Missiles
 s - 2 boomerangs
 t - 299 stones
 y - 3 javelins (quivered)
Armour
 l - a +1 robe of the Archmagi (worn)
 o - a scarf of cloud immunity
 p - a +1 cloak (worn)
 z - a +1 hat (worn)
Jewellery
 x - an amulet of rage (around neck)
Scrolls
 c - 3 scrolls of teleportation {unknown}
 e - a scroll of amnesia {unknown}
 f - 2 scrolls of blinking {unknown}
 g - 8 scrolls of identify {unknown}
 h - a scroll of enchant weapon {unknown}
 i - 3 scrolls of remove curse {unknown}
 q - 3 scrolls of enchant armour {unknown}
 r - a scroll of immolation {unknown}
 u - a scroll of magic mapping {unknown}
 w - a scroll of holy word {unknown}
Potions
 a - 2 potions of ambrosia {unknown}
 b - 4 potions of curing {unknown}
 j - a potion of resistance {unknown}
 k - 3 potions of heal wounds {unknown}
 m - 2 potions of mutation {unknown}
 n - 3 potions of haste {unknown}
 v - 2 potions of lignification {unknown}
 A - 2 potions of flight {unknown}
Comestibles
 d - 10 rations


   Skills:
 - Level 8.0 Fighting
 + Level 1.8 Armour
 + Level 3.2 Dodging
 - Level 1.0 Stealth
 - Level 3.0 Unarmed Combat
 * Level 3.0 Invocations
 + Level 1.3 Evocations


You had 7 spell levels left.
You didn't know any spells.
Your spell library was empty.

Dungeon Overview and Level Annotations

Branches:
Dungeon (6/15)             Temple (1/1) D:5

Altars:
Ashenzari
Cheibriados
Dithmenos
Elyvilon
Fedhas
Gozag
Hepliaklqana
Kikubaaqudgha
Makhleb
Nemelex Xobeh
Okawaru
Qazlal
Ru
Sif Muna
Trog
Uskayaw
Vehumet
Wu Jian
Xom
Yredelemnul
Zin
The Shining One
Beogh

Shops:
D:4 =


Innate Abilities, Weirdness & Mutations

You are too large for most types of armour.
You have claws for hands.
Your metabolism is lightning-fast.
You like to eat raw meat.
Your natural rate of healing is unusually fast.
You are covered in fur. (AC +1)
You have extremely tough skin. (AC +3)


Message History

The brown ugly thing is severely wounded.
The brown ugly thing closely misses you.
You aren't carrying any items that you can evoke.
Quiver which item? (- for none, * to show all) (? for menu, Esc to quit)
Quivering
s - 2 boomerangs for throwing.
Quiver which item? (- for none, * to show all) (? for menu, Esc to quit)
Quivering
y - 4 javelins for throwing.
Throwing (i - inventory. (/) - cycle)
y - 4 javelins (quivered)
Press: ? - help, Shift-Dir - straight line, f - brown ugly thing
Aim: a brown ugly thing (severely wounded)
You throw a javelin.
The javelin pierces through the brown ugly thing but does no damage.
The brown ugly thing is severely wounded.
The brown ugly thing engulfs you!
You are splashed with acid!
* * * LOW HITPOINT WARNING * * *
The brown ugly thing engulfs you!
* * * LOW HITPOINT WARNING * * *
The acid corrodes you!
You are splashed with acid!
You die...
Your body rises from the dead as a mindless zombie.

##.......)...# ##.#####
.............. ...
##...........#. ...
######...#####..... .. #
#...# #.... ##.. # #...# #.
...... #...# #. ...##.######
######.## #.####.....##.... .
##...##.# #..@u..(##.##..# #
#.....#.#### ##.####.##.##..#
# ...........#
#.#.###..<.....# #
...........##.###.####...##.#
# ...........#.#
##.###......#####
............#
##.##...##..)).)
..รท......#.#.#
##.##############
........##.##.# #.....#
...........# #.#.####.#


You could see a brown ugly thing.

Vanquished Creatures
  2 sky beasts (D:5)
  The ghost of coffeespoons the Ducker, an amateur GnMo (D:3)
  2 phantoms
  2 ogres (D:4)
  A centaur (D:5)
  A bullfrog (D:6)
  A scorpion (D:5)
  A howler monkey (D:4)
  2 orc priests
  2 hounds (D:4)
  A bullfrog skeleton (D:4)
  2 jellies
  An iguana (D:4)
  2 orc wizards
  3 worker ants
  2 hound skeletons
  A howler monkey skeleton (D:5)
  8 adders
  3 adder skeletons
  5 worms
  2 dart slugs
  3 leopard geckos
  18 orcs
  3 ball pythons (D:1)
  8 bats
  3 giant cockroaches
  7 goblins
  10 hobgoblins
  21 jackals
  3 quokkas
  6 kobolds
  8 rats
135 creatures vanquished.

Notes
Turn   | Place    | Note
-------+----------+-------------------------------------------
     0 | D:1      | Fingolfin the Troll Monk began the quest for the Orb.
     0 | D:1      | Reached XP level 1. HP: 22/22 MP: 0/0
    39 | D:1      | Reached skill level 3 in Fighting
    39 | D:1      | Reached XP level 2. HP: 16/31 MP: 1/1
   265 | D:1      | Reached XP level 3. HP: 37/37 MP: 2/2
   694 | D:2      | Reached skill level 4 in Fighting
   752 | D:2      | Reached XP level 4. HP: 48/48 MP: 3/3
  1688 | D:3      | Reached XP level 5. HP: 55/55 MP: 4/4
  1691 | D:3      | Found a runed translucent gate.
  1692 | D:3      | Found a runed translucent gate.
  1693 | D:3      | Found a runed translucent gate.
  1695 | D:3      | Noticed coffeespoons's ghost (amateur GnMo)
  1699 | D:3      | Found a roughly hewn altar of Beogh.
  1713 | D:3      | Killed coffeespoons's ghost
  1713 | D:3      | Reached skill level 5 in Fighting
  2178 | D:3      | Reached XP level 6. HP: 65/66 MP: 5/5
  2433 | D:4      | Reached skill level 6 in Fighting
  2988 | D:4      | Reached XP level 7. HP: 29/76 MP: 6/6
  3108 | D:4      | Found Jyocegim's Jewellery Shop.
  3328 | D:4      | Reached skill level 7 in Fighting
  3449 | D:5      | Entered Level 5 of the Dungeon
  3591 | D:5      | Found a staircase to the Ecumenical Temple.
  3607 | Temple   | Entered the Ecumenical Temple
  3623 | Temple   | Became a worshipper of Yredelemnul the Dark
  3623 | Temple   | Reached * piety under Yredelemnul
  3623 | Temple   | Reached ** piety under Yredelemnul
  3817 | D:5      | Found a snail-covered altar of Cheibriados.
  3989 | D:5      | Reached skill level 8 in Fighting
  4117 | D:5      | Reached skill level 1 in Invocations
  4117 | D:5      | Reached XP level 8. HP: 88/88 MP: 7/7
  4274 | D:5      | Reached skill level 1 in Armour
  4683 | D:6      | Reached skill level 1 in Evocations
  5025 | D:6      | Noticed a brown ugly thing
  5044 | D:6      | HP: 3/88 [brown ugly thing (15)]
  5044 | D:6      | Splashed by a brown ugly thing's acid

Levels and vault maps discovered:
D:1:      scummos_arrival_checkerplants, layout_rooms
D:2:      minmay_wonky_spiral, layout_loops_ring, first_ration
D:3:      layout_basic, biasface_ghost_orc_armoury, supply_closet_lemuel
D:4:      cheibrodos_helix_gallery, layout_basic, serial_shops, shop
D:5:      layout_basic, cheibriados_altar_1, minmay_temple_entry_slanted
D:6:      layout_loops_cross
Temple:   compressed_dpeg_triangle_lava_temple

Skill      XL: |  1  2  3  4  5  6  7  8 |
---------------+-------------------------+-----
Fighting       | 3 4 5 6 8 |  8.0
Invocations    | 1 3 |  3.0
Armour         | 1 |  1.8
Dodging        | 3 |  3.2
Evocations     | 1 |  1.3
Stealth        | |  1.0
Unarmed Combat | |  3.0

Action                   |  1- 3 |  4- 6 |  7- 9 || total
-------------------------+-------+-------+-------++-------
Melee: Unarmed           |   102 |   191 |   170 ||   463
       Punch             |     1 |     1 |     4 ||     6
Throw: Stone             |       |       |     3 ||     3
       Javelin           |       |       |     1 ||     1
 Abil: Evoke Berserk Rag |       |       |     1 ||     1
 Stab: Sleeping          |       |     2 |     2 ||     4
  Eat: Chunk             |    12 |    18 |    15 ||    45
Armor: Robe              |    39 |   100 |    64 ||   203
Dodge: Dodged            |    58 |   124 |    66 ||   248
